[ AOE2 MATCH · #474727489 ]
UnrankedHindustanis vs None
Rival team · WIN
[ REPLAY ANALYSIS · EXTRACTED FROM THE RECORDED GAME ]
Feudal
—
Castle
—
Imperial
—
| APM avg | 6.9 |
| APM peak | 16 |
| eAPM avg | 1.9 |
| Villagers / military | 0 / 0 |
Focus
⚔️ 72.7% · 🌾 27.3%
Feudal
—
Castle
—
Imperial
—
| APM avg | 20.5 |
| APM peak | 49 |
| eAPM avg | 5.6 |
| Villagers / military | 0 / 0 |
Focus
⚔️ 96.4% · 🌾 3.6%
Feudal
—
Castle
—
Imperial
—
| APM avg | 15.7 |
| APM peak | 26 |
| eAPM avg | 5.4 |
| Villagers / military | 0 / 0 |
Focus
⚔️ 98.7% · 🌾 1.3%
Feudal
—
Castle
—
Imperial
—
| APM avg | 45.4 |
| APM peak | 81 |
| eAPM avg | 16.6 |
| Villagers / military | 0 / 0 |
Focus
⚔️ 86.4% · 🌾 13.6%
Feudal
—
Castle
—
Imperial
—
| APM avg | 10.2 |
| APM peak | 27 |
| eAPM avg | 5.2 |
| Villagers / military | 0 / 0 |
Focus
⚔️ 100.0% · 🌾 0.0%
Feudal
—
Castle
—
Imperial
—
| APM avg | 45.7 |
| APM peak | 73 |
| eAPM avg | 21.4 |
| Villagers / military | 0 / 265 |
Focus
⚔️ 98.8% · 🌾 1.2%
Knight ×265
Feudal
—
Castle
—
Imperial
—
| APM avg | 46.6 |
| APM peak | 83 |
| eAPM avg | 24.5 |
| Villagers / military | 0 / 473 |
Focus
⚔️ 95.3% · 🌾 4.7%
Knight ×473
Feudal
—
Castle
—
Imperial
—
| APM avg | 38.4 |
| APM peak | 88 |
| eAPM avg | 16.4 |
| Villagers / military | 0 / 656 |
Focus
⚔️ 97.8% · 🌾 2.2%
Knight ×458 · Cavalry Archer ×198
Match map
Initial resources + every placement click. Lines = walls · curves = elevation contours. ◆ gold · ⬟ stone · ● berries · ✦ relic · ◌ wall gap
Your base· Open
antix-101's base· Open
ARES's base· Open
Son of Battles's base· ✓ Map-separated
中国大陆程珂's base· Open
CKC's base· ✓ Map-separated
14!'s base· Open
sSr's base· Open
Smoothed initial terrain · ◌ = detected wall gap · hover for details
Inputs per minute
— turbines1 - - antix-101
Build order — turbines1
20 actions detected in the replay
| 8:28 | Build | Stable |
| 8:30 | Build | Stable |
| 9:22 | Research | Bloodlines |
| 9:43 | Build | Archery Range |
| 9:46 | Build | Archery Range |
| 9:48 | Build | Archery Range |
| 9:57 | Build | Stable |
| 10:05 | Build | Stable |
| 13:50 | Build | Stone Wall |
| 15:44 | Build | Stable |
| 15:47 | Build | Stable |
| 15:49 | Build | Stable |
| 15:51 | Build | Stable |
| 15:55 | Build | Stable |
| 20:29 | Build | Watch Tower |
| 21:50 | Build | Watch Tower |
| 21:52 | Build | Watch Tower |
| 21:54 | Build | Watch Tower |
| 21:56 | Build | Watch Tower |
| 21:59 | Build | Watch Tower |
Build order — antix-101
10 actions detected in the replay
| 5:33 | Research | Treadmill Crane |
| 5:34 | Research | Ballistics |
| 5:35 | Research | Guard Tower (upgrade) |
| 5:36 | Research | Tech 908 |
| 5:36 | Research | Careening |
| 5:38 | Research | Chain Barding Armor |
| 5:39 | Research | Chain Mail Armor |
| 5:39 | Research | Leather Archer Armor |
| 5:40 | Research | Bodkin Arrow |
| 18:16 | Research | Corvinian Army |
Build order — ARES
9 actions detected in the replay
| 13:13 | Research | Chain Mail Armor |
| 13:13 | Research | Iron Casting |
| 13:13 | Research | Bodkin Arrow |
| 13:14 | Research | Leather Archer Armor |
| 13:16 | Research | Treadmill Crane |
| 13:18 | Research | Ballistics |
| 13:18 | Research | Guard Tower (upgrade) |
| 13:19 | Research | Guard Tower (upgrade) |
| 13:22 | Research | Andean Sling |
Build order — Son of Battles
6 actions detected in the replay
| 18:05 | Research | Chain Mail Armor |
| 18:06 | Research | Iron Casting |
| 18:08 | Research | Kshatriyas |
| 18:11 | Research | Ballistics |
| 18:12 | Research | Treadmill Crane |
| 18:13 | Research | Guard Tower (upgrade) |
Build order — 中国大陆程珂
5 actions detected in the replay
| 20:28 | Research | Chain Barding Armor |
| 20:28 | Research | Chain Mail Armor |
| 20:29 | Research | Leather Archer Armor |
| 20:30 | Research | Bodkin Arrow |
| 20:34 | Research | Ballistics |
Build order — CKC
90 actions detected in the replay
| 14:15 | Research | Bodkin Arrow |
| 14:15 | Research | Leather Archer Armor |
| 14:16 | Research | Iron Casting |
| 14:16 | Research | Chain Mail Armor |
| 14:17 | Research | Chain Barding Armor |
| 14:17 | Research | Chain Barding Armor |
| 14:17 | Research | Chain Barding Armor |
| 14:19 | Research | Ballistics |
| 14:19 | Research | Ballistics |
| 14:20 | Research | Guard Tower (upgrade) |
| 14:20 | Research | Guard Tower (upgrade) |
| 14:20 | Research | Tech 909 |
| 14:21 | Research | Tech 908 |
| 14:22 | Research | Tech 908 |
| 14:22 | Research | Careening |
| 14:22 | Research | Careening |
| 14:24 | Research | Inquisition |
| 15:45 | Build | Stable |
| 15:46 | Build | Stable |
| 15:48 | Build | Stable |
| 15:49 | Build | Stable |
| 15:56 | Build | Stable |
| 15:58 | Build | Stable |
| 15:59 | Build | Stable |
| 16:03 | Build | Stable |
| 16:05 | Build | Stable |
| 16:06 | Build | Stable |
| 16:08 | Build | Stable |
| 16:10 | Build | Stable |
| 16:40 | Research | Husbandry |
| 16:41 | Research | Bloodlines |
| 16:41 | Research | Bloodlines |
| 16:42 | Research | Light Cavalry (upgrade) |
| 17:26 | Create | Knight ×5 |
| 17:27 | Create | Knight ×5 |
| 17:27 | Create | Knight ×5 |
| 17:27 | Create | Knight ×5 |
| 17:28 | Create | Knight ×5 |
| 17:28 | Create | Knight ×5 |
| 17:28 | Create | Knight ×5 |
| 17:28 | Create | Knight ×5 |
| 17:29 | Create | Knight ×5 |
| 17:29 | Create | Knight ×5 |
| 17:29 | Create | Knight ×3 |
| 18:32 | Create | Knight ×5 |
| 18:32 | Create | Knight ×5 |
| 18:32 | Create | Knight ×5 |
| 18:33 | Create | Knight ×5 |
| 18:33 | Create | Knight ×5 |
| 19:16 | Create | Knight ×5 |
| 19:17 | Create | Knight ×5 |
| 19:17 | Create | Knight ×5 |
| 19:17 | Create | Knight ×5 |
| 19:17 | Create | Knight ×5 |
| 19:18 | Create | Knight ×5 |
| 19:18 | Create | Knight ×5 |
| 19:18 | Create | Knight ×5 |
| 19:18 | Create | Knight ×5 |
| 19:19 | Create | Knight ×5 |
| 19:19 | Create | Knight ×5 |
| 19:19 | Create | Knight ×5 |
| 19:45 | Create | Knight ×5 |
| 19:45 | Create | Knight ×5 |
| 19:46 | Create | Knight ×5 |
| 19:46 | Create | Knight ×5 |
| 19:46 | Create | Knight ×5 |
| 19:46 | Create | Knight ×5 |
| 19:47 | Create | Knight ×5 |
| 19:47 | Create | Knight ×5 |
| 19:47 | Create | Knight ×5 |
| 20:59 | Create | Knight ×5 |
| 21:00 | Create | Knight ×5 |
| 21:00 | Create | Knight ×5 |
| 21:00 | Create | Knight ×5 |
| 21:00 | Create | Knight ×5 |
| 21:01 | Create | Knight ×5 |
| 21:01 | Create | Knight ×5 |
| 21:01 | Create | Knight ×5 |
| 21:02 | Create | Knight ×5 |
| 21:02 | Create | Knight ×5 |
| 21:09 | Build | Archery Range |
| 21:11 | Build | Archery Range |
| 21:13 | Build | Archery Range |
| 21:58 | Create | Knight ×5 |
| 21:59 | Create | Knight ×5 |
| 21:59 | Create | Knight ×5 |
| 21:59 | Create | Knight ×5 |
| 22:00 | Create | Knight ×5 |
| 22:00 | Create | Knight ×5 |
| 22:00 | Create | Knight ×2 |
Build order — 14!
First 150 of 185 actions detected
| 9:22 | Research | Chain Mail Armor |
| 9:22 | Research | Chain Mail Armor |
| 9:23 | Research | Chain Barding Armor |
| 9:24 | Research | Bodkin Arrow |
| 9:24 | Research | Leather Archer Armor |
| 9:25 | Research | Leather Archer Armor |
| 9:27 | Research | Tigui |
| 9:27 | Research | Tigui |
| 9:31 | Research | Ballistics |
| 9:32 | Research | Ballistics |
| 9:32 | Research | Treadmill Crane |
| 9:32 | Research | Treadmill Crane |
| 9:34 | Research | Careening |
| 9:34 | Research | Tech 908 |
| 9:35 | Research | Guard Tower (upgrade) |
| 9:35 | Research | Guard Tower (upgrade) |
| 13:53 | Build | Barracks |
| 14:01 | Build | Stable |
| 14:03 | Build | Stable |
| 14:04 | Build | Stable |
| 14:07 | Build | Stable |
| 14:10 | Build | Stable |
| 14:12 | Build | Stable |
| 14:40 | Research | Squires |
| 14:40 | Research | Squires |
| 14:40 | Research | Squires |
| 15:06 | Research | Bloodlines |
| 15:06 | Research | Bloodlines |
| 15:18 | Research | Arson |
| 15:18 | Research | Arson |
| 15:32 | Build | Stable |
| 15:33 | Build | Stable |
| 15:41 | Build | Stable |
| 15:43 | Research | Husbandry |
| 15:44 | Research | Husbandry |
| 16:21 | Create | Knight ×5 |
| 16:21 | Create | Knight ×5 |
| 16:22 | Create | Knight ×5 |
| 16:22 | Create | Knight ×5 |
| 16:22 | Create | Knight ×5 |
| 16:22 | Create | Knight ×5 |
| 16:23 | Create | Knight ×5 |
| 16:23 | Create | Knight ×5 |
| 16:23 | Create | Knight ×5 |
| 16:23 | Create | Knight ×5 |
| 16:24 | Create | Knight ×5 |
| 16:24 | Create | Knight ×5 |
| 16:24 | Create | Knight ×5 |
| 16:24 | Create | Knight ×5 |
| 16:38 | Create | Knight ×5 |
| 16:38 | Create | Knight ×5 |
| 16:38 | Create | Knight ×5 |
| 16:50 | Create | Knight ×5 |
| 16:50 | Create | Knight ×5 |
| 16:51 | Create | Knight ×5 |
| 16:58 | Build | Stable |
| 17:00 | Build | Stable |
| 17:01 | Build | Stable |
| 17:03 | Build | Stable |
| 17:10 | Create | Knight ×5 |
| 17:11 | Create | Knight ×5 |
| 17:11 | Create | Knight ×5 |
| 17:35 | Create | Knight ×5 |
| 17:35 | Create | Knight ×5 |
| 17:35 | Create | Knight ×5 |
| 17:35 | Create | Knight ×5 |
| 17:36 | Create | Knight ×5 |
| 17:36 | Create | Knight ×5 |
| 17:38 | Create | Knight |
| 17:38 | Create | Knight |
| 17:39 | Create | Knight |
| 17:58 | Research | Spies/Treason |
| 17:59 | Research | Spies/Treason |
| 17:59 | Research | Conscription |
| 17:59 | Research | Conscription |
| 18:00 | Research | Conscription |
| 18:03 | Research | Elite Gbeto (upgrade) |
| 18:03 | Research | Elite Gbeto (upgrade) |
| 18:05 | Research | Farimba |
| 18:05 | Research | Farimba |
| 18:12 | Research | Cavalier (upgrade) |
| 18:12 | Research | Cavalier (upgrade) |
| 18:15 | Research | Heavy Camel Rider (upgrade) |
| 18:15 | Research | Heavy Camel Rider (upgrade) |
| 18:16 | Research | Heavy Camel Rider (upgrade) |
| 18:19 | Research | Plate Barding Armor |
| 18:19 | Research | Plate Barding Armor |
| 18:21 | Research | Ring Archer Armor |
| 18:22 | Research | Plate Mail Armor |
| 18:26 | Research | Ring Archer Armor |
| 18:27 | Research | Ring Archer Armor |
| 18:30 | Research | Long Swordsman (upgrade) |
| 18:33 | Research | Chemistry |
| 18:33 | Research | Chemistry |
| 18:34 | Research | Keep (upgrade) |
| 18:35 | Research | Tech 907 |
| 18:35 | Research | Dry Dock |
| 18:40 | Research | Sappers |
| 18:40 | Research | Sappers |
| 18:48 | Create | Knight ×5 |
| 18:48 | Create | Knight ×5 |
| 18:48 | Create | Knight ×5 |
| 18:49 | Create | Knight |
| 18:49 | Create | Knight |
| 18:49 | Create | Knight ×5 |
| 18:49 | Create | Knight ×5 |
| 18:49 | Create | Knight ×5 |
| 18:50 | Create | Knight ×5 |
| 18:57 | Build | Stable |
| 18:59 | Build | Stable |
| 19:05 | Create | Knight ×5 |
| 19:05 | Create | Knight ×5 |
| 19:05 | Create | Knight ×5 |
| 19:06 | Create | Knight ×5 |
| 19:06 | Create | Knight ×5 |
| 19:06 | Create | Knight ×5 |
| 19:22 | Create | Knight ×5 |
| 19:22 | Create | Knight ×5 |
| 19:22 | Create | Knight ×5 |
| 19:23 | Create | Knight ×5 |
| 19:23 | Create | Knight ×5 |
| 19:23 | Create | Knight ×3 |
| 19:26 | Create | Knight |
| 19:26 | Create | Knight |
| 19:26 | Create | Knight |
| 19:27 | Create | Knight |
| 19:34 | Create | Knight ×2 |
| 19:34 | Create | Knight ×2 |
| 19:35 | Create | Knight ×2 |
| 19:42 | Build | Stable |
| 19:44 | Build | Stable |
| 19:51 | Create | Knight ×5 |
| 19:52 | Create | Knight ×5 |
| 19:52 | Create | Knight ×5 |
| 19:52 | Create | Knight ×5 |
| 19:57 | Build | Stable |
| 20:22 | Create | Knight ×5 |
| 20:23 | Create | Knight ×5 |
| 20:23 | Create | Knight ×5 |
| 20:23 | Create | Knight ×5 |
| 20:23 | Create | Knight ×5 |
| 20:23 | Create | Knight ×5 |
| 20:24 | Create | Knight ×5 |
| 20:24 | Create | Knight ×5 |
| 20:35 | Create | Knight ×5 |
| 20:35 | Create | Knight ×5 |
| 20:36 | Create | Knight ×5 |
| 20:36 | Create | Knight ×5 |
| 20:36 | Create | Knight ×5 |
| 20:36 | Create | Knight ×5 |
Build order — sSr
First 150 of 176 actions detected
| 3:28 | Build | Stable |
| 3:53 | Build | Palisade Wall |
| 4:19 | Build | Palisade Wall |
| 4:25 | Research | Bloodlines |
| 5:19 | Build | Stable |
| 5:26 | Build | Stable |
| 5:59 | Build | Stable |
| 6:01 | Build | Stable |
| 7:11 | Build | Stable |
| 8:09 | Build | Stable |
| 8:15 | Build | Stable |
| 8:18 | Build | Stable |
| 8:22 | Build | Stable |
| 8:24 | Build | Stable |
| 8:26 | Build | Stable |
| 8:28 | Build | Stable |
| 8:30 | Build | Stable |
| 8:32 | Build | Stable |
| 8:33 | Build | Stable |
| 8:36 | Build | Archery Range |
| 9:13 | Build | Archery Range |
| 9:16 | Build | Archery Range |
| 9:19 | Build | Archery Range |
| 14:29 | Create | Knight ×5 |
| 14:29 | Create | Knight ×5 |
| 14:30 | Create | Knight ×5 |
| 14:30 | Create | Knight ×5 |
| 14:30 | Create | Knight ×5 |
| 14:30 | Create | Knight ×5 |
| 14:31 | Create | Knight ×5 |
| 14:31 | Create | Knight ×5 |
| 14:31 | Create | Knight ×5 |
| 14:31 | Create | Knight ×5 |
| 14:32 | Create | Knight ×5 |
| 14:32 | Create | Knight ×5 |
| 14:32 | Create | Knight ×5 |
| 14:32 | Create | Knight ×5 |
| 14:33 | Create | Knight ×5 |
| 14:33 | Create | Knight ×5 |
| 14:33 | Create | Knight ×5 |
| 14:33 | Create | Knight ×5 |
| 14:34 | Create | Knight ×5 |
| 14:34 | Create | Knight ×5 |
| 14:34 | Create | Knight ×5 |
| 14:35 | Create | Knight ×5 |
| 14:35 | Create | Knight ×5 |
| 14:35 | Create | Knight ×5 |
| 14:35 | Create | Knight ×5 |
| 14:36 | Create | Knight ×5 |
| 14:36 | Create | Knight ×5 |
| 14:36 | Create | Knight ×5 |
| 14:37 | Create | Knight ×5 |
| 14:37 | Create | Knight ×5 |
| 14:37 | Create | Knight ×5 |
| 14:37 | Create | Knight ×5 |
| 14:38 | Create | Knight ×5 |
| 14:38 | Create | Knight ×5 |
| 14:38 | Create | Knight ×5 |
| 14:38 | Create | Knight ×5 |
| 14:39 | Create | Knight ×5 |
| 14:44 | Create | Cavalry Archer ×5 |
| 14:45 | Create | Cavalry Archer ×5 |
| 14:45 | Create | Cavalry Archer ×5 |
| 14:45 | Create | Cavalry Archer ×5 |
| 14:45 | Create | Cavalry Archer ×5 |
| 14:46 | Create | Cavalry Archer ×5 |
| 14:46 | Create | Cavalry Archer ×5 |
| 14:47 | Create | Cavalry Archer ×5 |
| 14:47 | Create | Cavalry Archer ×5 |
| 14:47 | Create | Cavalry Archer ×5 |
| 14:48 | Create | Cavalry Archer ×5 |
| 14:48 | Create | Cavalry Archer ×5 |
| 14:48 | Create | Cavalry Archer ×5 |
| 14:49 | Create | Cavalry Archer ×5 |
| 14:51 | Research | Bodkin Arrow |
| 14:51 | Research | Leather Archer Armor |
| 14:52 | Research | Iron Casting |
| 14:52 | Research | Chain Barding Armor |
| 14:53 | Research | Chain Mail Armor |
| 14:54 | Research | Chain Mail Armor |
| 15:05 | Research | Ballistics |
| 15:06 | Research | Ballistics |
| 16:42 | Create | Knight ×5 |
| 16:43 | Create | Knight ×5 |
| 16:43 | Create | Knight ×5 |
| 16:43 | Create | Knight ×5 |
| 16:44 | Create | Knight ×5 |
| 16:44 | Create | Knight ×5 |
| 16:45 | Create | Knight ×5 |
| 16:45 | Create | Knight ×5 |
| 16:46 | Create | Knight ×5 |
| 16:46 | Create | Knight ×5 |
| 16:47 | Create | Knight ×5 |
| 16:47 | Create | Knight ×5 |
| 16:47 | Create | Knight ×5 |
| 16:48 | Create | Knight ×5 |
| 16:48 | Create | Knight ×5 |
| 16:56 | Create | Knight ×5 |
| 16:57 | Create | Knight ×5 |
| 16:57 | Create | Knight ×5 |
| 16:58 | Create | Knight ×5 |
| 16:58 | Create | Knight ×3 |
| 17:06 | Build | Palisade Wall |
| 17:54 | Create | Knight ×5 |
| 17:54 | Create | Knight ×5 |
| 17:55 | Create | Knight ×5 |
| 17:55 | Create | Knight ×5 |
| 17:55 | Create | Knight ×5 |
| 17:56 | Create | Knight ×5 |
| 17:56 | Create | Knight ×5 |
| 18:02 | Create | Cavalry Archer ×5 |
| 18:02 | Create | Cavalry Archer ×5 |
| 18:03 | Create | Cavalry Archer ×5 |
| 18:03 | Create | Cavalry Archer ×5 |
| 18:03 | Create | Cavalry Archer ×5 |
| 18:03 | Create | Cavalry Archer ×5 |
| 18:16 | Build | Archery Range |
| 18:16 | Build | Archery Range |
| 18:17 | Build | Archery Range |
| 18:17 | Build | Archery Range |
| 18:19 | Build | Archery Range |
| 18:19 | Build | Archery Range |
| 18:20 | Build | Archery Range |
| 18:20 | Build | Archery Range |
| 18:21 | Build | Archery Range |
| 18:23 | Build | Archery Range |
| 18:31 | Create | Knight ×5 |
| 18:31 | Create | Knight ×5 |
| 18:32 | Create | Knight ×5 |
| 18:32 | Create | Knight ×5 |
| 18:33 | Create | Knight ×5 |
| 18:33 | Create | Knight ×5 |
| 18:33 | Create | Knight ×2 |
| 18:34 | Create | Knight ×2 |
| 18:43 | Create | Knight ×3 |
| 18:43 | Create | Knight ×3 |
| 19:20 | Create | Knight ×5 |
| 19:21 | Create | Knight ×5 |
| 19:21 | Create | Knight ×5 |
| 19:22 | Create | Knight ×5 |
| 19:22 | Create | Knight ×5 |
| 19:28 | Create | Cavalry Archer ×5 |
| 19:28 | Create | Cavalry Archer ×5 |
| 19:28 | Create | Cavalry Archer ×5 |
| 19:29 | Create | Cavalry Archer ×5 |
| 19:29 | Create | Cavalry Archer ×5 |
| 19:29 | Create | Cavalry Archer ×5 |
| 19:29 | Create | Cavalry Archer ×3 |
| 20:41 | Create | Knight ×5 |
| 20:41 | Create | Knight ×5 |
Match timeline
| 3:28 | sSr · first_building Stable |
| 3:53 | sSr · wall_segment Palisade Wall x16 |
| 4:19 | sSr · wall_segment Palisade Wall x17 |
| 8:28 | turbines1 · first_building Stable |
| 8:36 | sSr · first_building Archery Range |
| 9:43 | turbines1 · first_building Archery Range |
| 13:50 | turbines1 · wall_segment Stone Wall x14 |
| 13:53 | 14! · first_building Barracks |
| 14:01 | 14! · first_building Stable |
| 15:45 | CKC · first_building Stable |
| 17:06 | sSr · wall_segment Palisade Wall x18 |
| 21:09 | CKC · first_building Archery Range |
| 22:07 | Son of Battles · resign |
[ AI ANALYSIS · 1 CREDIT ]
What really happened in this match?
Wolo.gg analyzes every decision: build order, eco, micro, common mistakes by bracket. Personalized analysis on WhatsApp or Discord in 30 seconds.
Civ guide
Hindustanis
Perfil
turbines1